[Event "72nd MNE-ch 2020"]
[Site "Podgorica"]
[Date "2020.09.11"]
[Round "1"]
[White "Blagojevic, Dragisa"]
[Black "Krstonijevic, Stjepan"]
[Result "1-0"]
[ECO "A00"]
[WhiteElo "2492"]
[BlackElo "2098"]
[PlyCount "81"]
[EventDate "2020.09.11"]
[EventType "swiss"]
[EventRounds "9"]
[EventCountry "MNE"]
[TimeControl "5400+30"]

1. d4 c5 2. d5 e5 3. e4 d6 4. Be2 Be7 5. Nf3 Bg4 6. Nfd2 Bxe2 7. Qxe2 Bg5 8. O-O Ne7 9. Qb5+ Qd7 10. Nc4 Qxb5 11. Nxd6+ Kd7 12. Nxb5 Bxc1 13. Rxc1 a6 14. N5c3 b5 15. a4 b4 16. Nd1 Nc8 17. Nd2 Nd6 18. Ne3 Ke7 19. c3 Nd7 20. cxb4 cxb4 21. Rc6 g6 22. Nec4 Nxc4 23. Nxc4 Rac8 24. Rc1 Nb8 25. d6+ Ke6 26. Rc7 Nd7 27. Nxe5 Rxc7 28. dxc7 Rc8 29. Nxd7 Kxd7 30. f4 f6 31. Kf2 a5 32. Ke3 Kd6 33. Kd4 h5 34. e5+ fxe5+ 35. fxe5+ Ke6 36. Rc6+ Kd7 37. Kd5 g5 38. Rd6+ Kxc7 39. Rc6+ Kb7 40. Rxc8 Kxc8 41. Ke6 1-0

[Event "72nd MNE-ch 2020"]
[Site "Podgorica"]
[Date "2020.09.11"]
[Round "1"]
[White "Kalezic, Blazo"]
[Black "Vuckovic, Marko"]
[Result "1-0"]
[ECO "A00"]
[WhiteElo "2448"]
[BlackElo "2059"]
[PlyCount "74"]
[EventDate "2020.09.11"]
[EventType "swiss"]
[EventRounds "9"]
[EventCountry "MNE"]
[TimeControl "5400+30"]

1. e4 c5 2. Nf3 e6 3. c3 Nf6 4. e5 Nd5 5. d4 cxd4 6. cxd4 d6 7. Nc3 Nc6 8. exd6 Bxd6 9. Bd3 Nf4 10. Bxf4 Bxf4 11. Qe2 Ne7 12. O-O Bh6 13. Bb5+ Bd7 14. Bxd7+ Qxd7 15. Ne5 Qc8 16. Qb5+ Nc6 17. d5 a6 18. Qa4 b5 19. Nxb5 axb5 20. Qxb5 Ra5 21. Qxc6+ Qxc6 22. Nxc6 Rxd5 23. Rfd1 Kd7 24. Ne5+ Ke7 25. Rxd5 exd5 26. Re1 Ra8 27. a3 f6 28. Nc4+ Kf7 29. Nd6+ Kg6 30. Rd1 Rd8 31. Nb5 Bf4 32. g3 Be5 33. b4 f5 34. a4 d4 35. a5 Kf7 36. Na7 Rd5 37. Nc6 Ke8 1-0

[Event "72nd MNE-ch 2020"]
[Site "Podgorica"]
[Date "2020.09.11"]
[Round "1"]
[White "Milovic, Jovan"]
[Black "Skenderovic, Ismet"]
[Result "1/2-1/2"]
[ECO "A00"]
[WhiteElo "2276"]
[BlackElo "1913"]
[PlyCount "114"]
[EventDate "2020.09.11"]
[EventType "swiss"]
[EventRounds "9"]
[EventCountry "MNE"]
[TimeControl "5400+30"]

1. d4 Nf6 2. Bg5 e6 3. e4 h6 4. Bxf6 Qxf6 5. e5 Qd8 6. Bd3 c5 7. dxc5 Bxc5 8. Qe2 Nc6 9. Nf3 b6 10. c3 Bb7 11. Nbd2 Qc7 12. a4 d5 13. O-O Rd8 14. Nb3 O-O 15. Nbd4 Bxd4 16. cxd4 Qe7 17. Rfc1 Qb4 18. Qe3 Rc8 19. g4 f6 20. Bb5 f5 21. Bxc6 Rxc6 22. g5 Kh7 23. Rxc6 Bxc6 24. Qa3 Qxa3 25. Rxa3 Rc8 26. Rc3 Bd7 27. Rxc8 Bxc8 28. Kg2 Kg6 29. gxh6 Kxh6 30. Kg3 Bd7 31. b3 g5 32. h4 gxh4+ 33. Kxh4 a5 34. Ng5 Kg6 35. f3 Bc8 36. Nh3 Ba6 37. Nf4+ Kf7 38. Kg3 b5 39. axb5 Bxb5 40. Kf2 a4 41. bxa4 Bxa4 42. Nd3 Bc2 43. Nc5 f4 44. Ke2 Bf5 45. Kd2 Kg6 46. Nb3 Kg5 47. Nc1 Kh4 48. Ne2 Kg5 49. Kc3 Bh3 50. Kd2 Bf1 51. Nc3 Kh4 52. Ke1 Bh3 53. Ne2 Bg2 54. Kd2 Kg5 55. Ng1 Kh4 56. Ne2 Bxf3 57. Nxf4 Bg4 1/2-1/2

[Event "72nd MNE-ch 2020"]
[Site "Podgorica"]
[Date "2020.09.11"]
[Round "1"]
[White "Musovic, Armin"]
[Black "Koljevic, Nikolina"]
[Result "1-0"]
[ECO "A00"]
[WhiteElo "2207"]
[BlackElo "1870"]
[PlyCount "75"]
[EventDate "2020.09.11"]
[EventType "swiss"]
[EventRounds "9"]
[EventCountry "MNE"]
[TimeControl "5400+30"]

1. e4 c5 2. c3 d5 3. exd5 Qxd5 4. Na3 Nf6 5. h3 Bf5 6. Nc4 Bg6 7. Nf3 Nc6 8. Qa4 Nd7 9. Ne3 Qe4 10. Qb3 Nb6 11. Bb5 Rc8 12. O-O Bh5 13. d3 Qf4 14. Nd5 Qd6 15. Nxb6 axb6 16. Ng5 h6 17. Ne4 Qd7 18. Bc4 Qc7 19. Re1 e6 20. Ng3 Bg6 21. Bxe6 fxe6 22. Qxe6+ Ne7 23. Qxg6+ Kd8 24. Qf7 Qd7 25. d4 c4 26. Bf4 Rc6 27. Be5 Ng6 28. Qxd7+ Kxd7 29. Nf5 Nxe5 30. dxe5 g6 31. Rad1+ Ke8 32. Nd6+ Bxd6 33. exd6+ Kd7 34. Re7+ Kd8 35. Rxb7 Kc8 36. Rg7 g5 37. Rd4 Rd8 38. Rg6 1-0

[Event "72nd MNE-ch 2020"]
[Site "Podgorica"]
[Date "2020.09.11"]
[Round "1"]
[White "Bujisic, Vlastimir"]
[Black "Bacic, Kristina"]
[Result "1-0"]
[ECO "A00"]
[WhiteElo "2191"]
[BlackElo "1856"]
[PlyCount "63"]
[EventDate "2020.09.11"]
[EventType "swiss"]
[EventRounds "9"]
[EventCountry "MNE"]
[TimeControl "5400+30"]

1. e4 c6 2. d4 d5 3. Nd2 dxe4 4. Nxe4 Nf6 5. Nxf6+ gxf6 6. Nf3 Bg4 7. Be2 e6 8. h3 Bh5 9. Be3 Qc7 10. Qd2 Nd7 11. O-O-O O-O-O 12. Qc3 Nb6 13. Qa5 Rd5 14. Qc3 a5 15. a3 Bxf3 16. gxf3 f5 17. Qd3 c5 18. Qb3 c4 19. Qa2 c3 20. Kb1 Na4 21. Bc1 b5 22. Qb3 cxb2 23. Bxb2 Nxb2 24. Qxb2 b4 25. Rd3 bxa3 26. Qb3 Bb4 27. c3 Rb5 28. Ka2 Qc6 29. cxb4 Kd7 30. Rc3 a4 31. Qc4 Rb6 32. Qxc6+ 1-0

[Event "72nd MNE-ch 2020"]
[Site "Podgorica"]
[Date "2020.09.11"]
[Round "1"]
[White "Miletic, Vuk"]
[Black "Sabotic, Denis"]
[Result "1-0"]
[ECO "A00"]
[WhiteElo "2159"]
[BlackElo "1708"]
[PlyCount "35"]
[EventDate "2020.09.11"]
[EventType "swiss"]
[EventRounds "9"]
[EventCountry "MNE"]
[TimeControl "5400+30"]

1. d4 Nf6 2. c4 g6 3. Nc3 Bg7 4. e4 d6 5. Nge2 O-O 6. Ng3 e5 7. d5 c6 8. Be2 h5 9. Bg5 Bg4 10. Bxg4 hxg4 11. Bxf6 Bxf6 12. Qxg4 Bg7 13. h4 Nd7 14. h5 Nf6 15. Qe2 a6 16. Qd2 cxd5 17. h6 Bh8 18. h7+ 1-0

[Event "72nd MNE-ch 2020"]
[Site "Podgorica"]
[Date "2020.09.11"]
[Round "1"]
[White "Lazarevic, Zoran V"]
[Black "Milovic, Aleksandra"]
[Result "1/2-1/2"]
[ECO "A00"]
[WhiteElo "2132"]
[BlackElo "2198"]
[PlyCount "78"]
[EventDate "2020.09.11"]
[EventType "swiss"]
[EventRounds "9"]
[EventCountry "MNE"]
[TimeControl "5400+30"]

1. c4 Nf6 2. Nc3 Nc6 3. g3 d5 4. cxd5 Nxd5 5. Bg2 Nxc3 6. bxc3 e5 7. d3 Bd6 8. Nf3 O-O 9. O-O Kh8 10. Qc2 f5 11. Ng5 h6 12. Nf3 Be6 13. Qa4 Ne7 14. Rb1 Bd5 15. Qh4 f4 16. c4 Bc6 17. Bb2 Ng6 18. Qxd8 Raxd8 19. Nd2 Bxg2 20. Kxg2 b6 21. h4 Ne7 22. g4 h5 23. f3 Ng6 24. Rh1 hxg4 25. fxg4 f3+ 26. Nxf3 Nf4+ 27. Kf1 Nxd3 28. exd3 Rxf3+ 29. Ke2 e4 30. dxe4 Rf4 31. Ke3 Rxg4 32. h5 Rg3+ 33. Ke2 Bc5 34. h6 Re3+ 35. Kf1 Rf8+ 36. Kg2 Re2+ 37. Kh3 Re3+ 38. Kg2 Re2+ 39. Kh3 Re3+ 1/2-1/2

[Event "72nd MNE-ch 2020"]
[Site "Podgorica"]
[Date "2020.09.11"]
[Round "1"]
[White "Karisik, Nenad"]
[Black "Popovic, Mateja"]
[Result "1-0"]
[ECO "A00"]
[WhiteElo "2106"]
[BlackElo "1550"]
[PlyCount "51"]
[EventDate "2020.09.11"]
[EventType "swiss"]
[EventRounds "9"]
[EventCountry "MNE"]
[TimeControl "5400+30"]

1. e4 e5 2. Nf3 Nf6 3. Nxe5 d6 4. Nf3 Nxe4 5. d4 d5 6. Bd3 Be7 7. O-O O-O 8. Re1 Nf6 9. h3 Be6 10. Bf4 Nbd7 11. Ng5 c5 12. Nxe6 fxe6 13. Rxe6 cxd4 14. Nd2 Nc5 15. Re2 Nxd3 16. cxd3 Bd6 17. Bxd6 Qxd6 18. Nf3 Nh5 19. Nxd4 Nf4 20. Re3 Qg6 21. Qg4 Qf6 22. Ne6 Qxb2 23. Rae1 Nxe6 24. Qxe6+ Rf7 25. Rf3 Raf8 26. Qxf7+ 1-0

[Event "72nd MNE-ch 2020"]
[Site "Podgorica"]
[Date "2020.09.11"]
[Round "1"]
[White "Vujovic, Savo"]
[Black "Draskovic, Luka"]
[Result "0-1"]
[ECO "A00"]
[WhiteElo "2082"]
[BlackElo "2472"]
[Annotator "RC"]
[PlyCount "70"]
[EventDate "2020.09.11"]
[EventType "swiss"]
[EventRounds "9"]
[EventCountry "MNE"]
[TimeControl "5400+30"]

1. e4 d6 2. d4 Nf6 3. Nc3 g6 4. Be3 c6 5. f3 Nbd7 6. Qd2 b5 7. h4 h5 8. O-O-O Qa5 9. Kb1 b4 10. Nce2 Bg7 11. Nh3 Nb6 12. Nc1 Ba6 13. Nb3 Qa4 14. Bg5 Bxf1 15. Rhxf1 Qb5 16. Qd3 Qxd3 17. cxd3 a5 18. Rc1 Kd7 19. Be3 Nh7 20. f4 a4 21. Nd2 f5 22. Nc4 Rhb8 23. Nxb6+ Rxb6 24. d5 c5 25. e5 Rb5 26. e6+ Ke8 27. Rfd1 Nf6 28. d4 Nxd5 29. Bf2 a3 30. b3 Nc3+ 31. Rxc3 bxc3 32. Kc2 c4 33. bxc4 Rb2+ 34. Kxc3 Rxa2 35. Kb3 Rb2+ 0-1

[Event "72nd MNE-ch 2020"]
[Site "Podgorica"]
[Date "2020.09.11"]
[Round "1"]
[White "Pobor, Danilo"]
[Black "Nikcevic, Nebojsa"]
[Result "1-0"]
[ECO "A00"]
[WhiteElo "2059"]
[BlackElo "2413"]
[PlyCount "81"]
[EventDate "2020.09.11"]
[EventType "swiss"]
[EventRounds "9"]
[EventCountry "MNE"]
[TimeControl "5400+30"]

1. d4 Nf6 2. Nf3 g6 3. c4 Bg7 4. Nc3 O-O 5. e4 d6 6. Be2 c5 7. d5 e6 8. h3 exd5 9. exd5 Bf5 10. O-O Na6 11. a3 Nc7 12. Bd3 Qd7 13. Bf4 Rad8 14. Re1 b5 15. Qd2 bxc4 16. Bxc4 Rfe8 17. Bh6 Bxh3 18. Bxg7 Kxg7 19. gxh3 Qxh3 20. Qd3 Nh5 21. Nh2 Qh4 22. Ne2 Re4 23. Qc3+ Kg8 24. b3 Rde8 25. Ng3 Nxg3 26. fxg3 Qg5 27. Rxe4 Rxe4 28. Nf1 Rd4 29. Qf3 Nxd5 30. Rd1 Rxd1 31. Qxd1 Nb6 32. Qxd6 Nxc4 33. bxc4 Kg7 34. a4 a5 35. Qc7 h5 36. Qxa5 h4 37. Qc3+ Kh7 38. a5 hxg3 39. Qxg3 Qf6 40. Qh2+ Kg7 41. Qa2 1-0

[Event "72nd MNE-ch 2020"]
[Site "Podgorica"]
[Date "2020.09.11"]
[Round "1"]
[White "Petrovic, Slavko"]
[Black "Sukovic, Andrej"]
[Result "0-1"]
[ECO "A00"]
[WhiteElo "1909"]
[BlackElo "2261"]
[PlyCount "76"]
[EventDate "2020.09.11"]
[EventType "swiss"]
[EventRounds "9"]
[EventCountry "MNE"]
[TimeControl "5400+30"]

1. e4 c5 2. Nf3 d6 3. d4 cxd4 4. Nxd4 Nf6 5. Nc3 a6 6. a4 e5 7. Nf3 h6 8. Bc4 Qc7 9. Ba2 Be7 10. Be3 Be6 11. O-O O-O 12. Nd5 Nxd5 13. Bxd5 Nd7 14. c3 Bxd5 15. Qxd5 Nf6 16. Qd3 d5 17. Nd2 Rad8 18. exd5 Nxd5 19. Qc4 Qb8 20. Rfd1 Nxe3 21. fxe3 Qa7 22. Nf1 Qb6 23. a5 Qxb2 24. Rdb1 Qc2 25. Rxb7 Bg5 26. h4 Rc8 27. Qg4 Qxc3 28. Rd1 Bxe3+ 29. Nxe3 Qxe3+ 30. Kh1 Rc1 31. Rxc1 Qxc1+ 32. Kh2 Qc5 33. Qb4 Rc8 34. Qb3 Qc4 35. Qxc4 Rxc4 36. Rb6 Rxh4+ 37. Kg3 Ra4 38. Rxa6 f5 0-1

[Event "72nd MNE-ch 2020"]
[Site "Podgorica"]
[Date "2020.09.11"]
[Round "1"]
[White "Kalezic, Bojan"]
[Black "Nikac, Predrag"]
[Result "0-1"]
[ECO "A00"]
[WhiteElo "1855"]
[BlackElo "2312"]
[PlyCount "92"]
[EventDate "2020.09.11"]
[EventType "swiss"]
[EventRounds "9"]
[EventCountry "MNE"]
[TimeControl "5400+30"]

1. d4 g6 2. e4 Bg7 3. Nc3 c6 4. Nf3 d5 5. e5 Bg4 6. Be2 Bxf3 7. Bxf3 e6 8. O-O Nd7 9. Ne2 Ne7 10. c3 O-O 11. Re1 c5 12. g4 Nc6 13. Bg2 cxd4 14. cxd4 Rc8 15. a3 Nb6 16. b3 Qh4 17. Ng3 f5 18. gxf5 gxf5 19. f4 Bh6 20. Rf1 a5 21. Rf3 Kh8 22. Rb1 Rg8 23. Kh1 Rg4 24. Qd2 Rcg8 25. Qf2 Nd7 26. Ne2 Qh5 27. Ng3 Rxg3 28. Rxg3 Rxg3 29. Qxg3 Qd1+ 30. Bf1 Qxf1+ 31. Qg1 Qd3 32. Rb2 Nf8 33. Qe3 Qd1+ 34. Qg1 Qf3+ 35. Qg2 Qh5 36. Qf2 Ng6 37. b4 axb4 38. axb4 Qd1+ 39. Qg1 Qxg1+ 40. Kxg1 Nxf4 41. Rc2 Ne2+ 42. Rxe2 Bxc1 43. Kf2 Nxd4 44. Ra2 b5 45. Ra6 Bf4 46. h3 Kg7 0-1

[Event "72nd MNE-ch 2020"]
[Site "Podgorica"]
[Date "2020.09.11"]
[Round "1"]
[White "Cadjenovic, Dragan"]
[Black "Popadic, Dragan"]
[Result "0-1"]
[ECO "A00"]
[WhiteElo "1841"]
[BlackElo "2171"]
[PlyCount "90"]
[EventDate "2020.09.11"]
[EventType "swiss"]
[EventRounds "9"]
[EventCountry "MNE"]
[TimeControl "5400+30"]

1. d4 Nf6 2. c4 g6 3. Nc3 Bg7 4. e4 d6 5. Nf3 O-O 6. Bd3 Nbd7 7. O-O e5 8. dxe5 Nxe5 9. Nxe5 dxe5 10. Bg5 h6 11. Bh4 c6 12. Qe2 Qc7 13. h3 Nh5 14. b3 Qd6 15. Bc2 Bf6 16. Bxf6 Qxf6 17. Qe3 Kg7 18. Ne2 Be6 19. Rad1 Rfd8 20. Rxd8 Rxd8 21. Rd1 Rxd1+ 22. Bxd1 b6 23. Kh2 Qd8 24. Bc2 Qd6 25. Qc3 Kh7 26. g4 Ng7 27. b4 c5 28. a3 Ne8 29. Ba4 Nc7 30. Bc2 cxb4 31. axb4 Na6 32. b5 Nc5 33. f3 Nb7 34. Bd3 Qc5 35. Kg2 Nd6 36. f4 f6 37. Qa1 Nc8 38. Qc3 Bf7 39. Kf3 Kg7 40. fxe5 fxe5 41. Nf4 Ne7 42. Nd5 Nxd5 43. exd5 Bxd5+ 44. Be4 Bf7 45. Qc2 Qd4 0-1

[Event "72nd MNE-ch 2020"]
[Site "Podgorica"]
[Date "2020.09.11"]
[Round "1"]
[White "Lakusic, Zoran"]
[Black "Pobor, Milo"]
[Result "0-1"]
[ECO "A00"]
[WhiteElo "1711"]
[BlackElo "2143"]
[PlyCount "56"]
[EventDate "2020.09.11"]
[EventType "swiss"]
[EventRounds "9"]
[EventCountry "MNE"]
[TimeControl "5400+30"]

1. e4 c5 2. Nf3 e6 3. d4 cxd4 4. Nxd4 Nc6 5. Bb5 Qa5+ 6. Nc3 Bb4 7. Bxc6 Bxc3+ 8. bxc3 Qxc3+ 9. Bd2 Qxd4 10. c3 Qc4 11. Ba4 Qxe4+ 12. Kf1 Nf6 13. Bc2 Qh4 14. f3 O-O 15. Be1 Qc4+ 16. Bd3 Qc6 17. h4 d5 18. h5 e5 19. Rb1 h6 20. Bd2 e4 21. Bb5 Qc7 22. Rh4 Rd8 23. g4 Qg3 24. Be1 Qxf3+ 25. Qxf3 exf3 26. Rb4 Ne4 27. Bd3 a5 28. Rd4 Bd7 0-1

[Event "72nd MNE-ch 2020"]
[Site "Podgorica"]
[Date "2020.09.12"]
[Round "2"]
[White "Djukic, Nikola"]
[Black "Musovic, Armin"]
[Result "1-0"]
[ECO "A00"]
[WhiteElo "2525"]
[BlackElo "2207"]
[Annotator "RC"]
[PlyCount "105"]
[EventDate "2020.09.11"]
[EventType "swiss"]
[EventRounds "9"]
[EventCountry "MNE"]
[TimeControl "5400+30"]

1. e4 c6 2. d4 d5 3. e5 Bf5 4. h4 h6 5. g4 Be4 6. f3 Bh7 7. e6 fxe6 8. Bd3 Qd6 9. Bxh7 Rxh7 10. Qd3 Rh8 11. f4 c5 12. Nf3 Nc6 13. Qg6+ Kd8 14. Ne5 Nxe5 15. dxe5 Qa6 16. Nc3 Rc8 17. Bd2 Kc7 18. Ne2 Kb8 19. Rh3 Ka8 20. Ra3 Qc6 21. O-O-O Nf6 22. exf6 exf6 23. Kb1 d4 24. Rg3 Bd6 25. Rgg1 Qb5 26. Rge1 e5 27. fxe5 Bxe5 28. Bc1 Rhd8 29. Qf5 g6 30. Qe4 g5 31. hxg5 hxg5 32. Qf5 a5 33. Ng1 c4 34. Rxd4 Qb6 35. Rxd8 Rxd8 36. Ne2 a4 37. Qf3 Qa5 38. Rh1 Qb6 39. Nc3 a3 40. Na4 Qb4 41. Qxa3 Qxa3 42. bxa3 b5 43. Nc5 Rd4 44. Rg1 Bh2 45. Rg2 Be5 46. c3 Rd1 47. Kc2 Rf1 48. Bd2 Bd6 49. Ne4 Bxa3 50. Rf2 Ra1 51. Rxf6 Rxa2+ 52. Kd1 Rb2 53. Ra6+ 1-0

[Event "72nd MNE-ch 2020"]
[Site "Podgorica"]
[Date "2020.09.12"]
[Round "2"]
[White "Nikcevic, Nebojsa"]
[Black "Milovic, Jovan"]
[Result "1/2-1/2"]
[ECO "A00"]
[WhiteElo "2413"]
[BlackElo "2276"]
[PlyCount "33"]
[EventDate "2020.09.11"]
[EventType "swiss"]
[EventRounds "9"]
[EventCountry "MNE"]
[TimeControl "5400+30"]

1. Nf3 g6 2. d4 Bg7 3. c4 f5 4. g3 Nf6 5. Bg2 O-O 6. O-O Ne4 7. Nbd2 Nxd2 8. Bxd2 c5 9. e3 d6 10. Bc3 Nc6 11. dxc5 Bxc3 12. bxc3 dxc5 13. Qd5+ Qxd5 14. cxd5 Nd8 15. Ne5 Nf7 16. Nxf7 Kxf7 17. a4 1/2-1/2

[Event "72nd MNE-ch 2020"]
[Site "Podgorica"]
[Date "2020.09.12"]
[Round "2"]
[White "Nikac, Predrag"]
[Black "Karisik, Nenad"]
[Result "1-0"]
[ECO "A00"]
[WhiteElo "2312"]
[BlackElo "2106"]
[PlyCount "59"]
[EventDate "2020.09.11"]
[EventType "swiss"]
[EventRounds "9"]
[EventCountry "MNE"]
[TimeControl "5400+30"]

1. e4 c6 2. d4 d5 3. e5 Bf5 4. h4 h5 5. c4 e6 6. Ne2 dxc4 7. Nbc3 Bd3 8. Be3 Ne7 9. Ng3 Nf5 10. Nxf5 Bxf5 11. Bxc4 Nd7 12. Be2 g6 13. f3 Qa5 14. a3 Be7 15. b4 Qc7 16. Rc1 f6 17. g4 hxg4 18. fxg4 fxe5 19. gxf5 Rxh4 20. Rg1 exf5 21. Nd5 Qd6 22. Nxe7 Qxe7 23. Bg5 Qh7 24. dxe5 Rh1 25. Qd4 Rxg1+ 26. Qxg1 Nxe5 27. Rc5 Nd7 28. Qe3+ Kf7 29. Bc4+ Kg7 30. Qd4+ 1-0

[Event "72nd MNE-ch 2020"]
[Site "Podgorica"]
[Date "2020.09.12"]
[Round "2"]
[White "Milovic, Aleksandra"]
[Black "Pobor, Danilo"]
[Result "1-0"]
[ECO "A00"]
[WhiteElo "2198"]
[BlackElo "2059"]
[PlyCount "95"]
[EventDate "2020.09.11"]
[EventType "swiss"]
[EventRounds "9"]
[EventCountry "MNE"]
[TimeControl "5400+30"]

1. d4 Nf6 2. Nc3 d5 3. Bg5 Nbd7 4. f3 c5 5. e4 dxe4 6. fxe4 Qa5 7. Bxf6 gxf6 8. Qh5 f5 9. O-O-O cxd4 10. Rxd4 Bg7 11. Rd5 Qb6 12. Bb5 e6 13. Rd3 Ke7 14. Bxd7 Bxd7 15. exf5 Rad8 16. Nf3 h6 17. Re1 Bc6 18. fxe6 fxe6 19. Ne5 Bxe5 20. Qxe5 Rxd3 21. Qxe6+ Kd8 22. Qf6+ Kc7 23. Qxh8 Re3 24. Rd1 Re8 25. Qxh6 Qf2 26. Qd6+ Kc8 27. g4 a6 28. b3 Qe3+ 29. Kb2 Qg5 30. Nd5 Qe5+ 31. Qxe5 Rxe5 32. c4 Re2+ 33. Kc3 Rxh2 34. Rd2 Rh3+ 35. Rd3 Rh2 36. Rg3 Kd7 37. g5 Bxd5 38. cxd5 Ke7 39. g6 Kf8 40. d6 Kg7 41. d7 Rh8 42. Rd3 Rd8 43. Rd6 Kf8 44. Kd4 Ke7 45. Ke5 a5 46. a4 b6 47. Re6+ Kf8 48. Kd6 1-0

[Event "72nd MNE-ch 2020"]
[Site "Podgorica"]
[Date "2020.09.12"]
[Round "2"]
[White "Popadic, Dragan"]
[Black "Kalezic, Blazo"]
[Result "0-1"]
[ECO "A00"]
[WhiteElo "2171"]
[BlackElo "2448"]
[PlyCount "82"]
[EventDate "2020.09.11"]
[EventType "swiss"]
[EventRounds "9"]
[EventCountry "MNE"]
[TimeControl "5400+30"]

1. e4 c5 2. Nc3 a6 3. g4 Nc6 4. Bg2 d6 5. d3 e5 6. h3 Be7 7. Nd5 Nf6 8. Nxe7 Qxe7 9. Nf3 h5 10. g5 Nh7 11. Be3 Nd4 12. Qd2 Nf8 13. O-O-O Be6 14. Kb1 Qd7 15. Nh4 Rc8 16. Rc1 Ng6 17. Nxg6 fxg6 18. f4 O-O 19. h4 exf4 20. Bxf4 Qf7 21. Bxd6 Bxa2+ 22. Ka1 Qd7 23. Kxa2 Qxd6 24. Kb1 b5 25. Rhe1 Qe5 26. Rf1 b4 27. Bh3 Rb8 28. Bd7 Kh7 29. Ba4 Nb5 30. Rxf8 Rxf8 31. Bxb5 axb5 32. Qe2 Ra8 33. Rf1 Qe6 34. Qf2 Qa2+ 35. Kc1 c4 36. Qf7 Ra7 37. Qf2 c3 38. bxc3 bxc3 39. Kd1 b4 40. Ke2 Qxc2+ 41. Ke3 Qxf2+ 0-1

[Event "72nd MNE-ch 2020"]
[Site "Podgorica"]
[Date "2020.09.12"]
[Round "2"]
[White "Pobor, Milo"]
[Black "Tomic, Aleksandar"]
[Result "0-1"]
[ECO "A00"]
[WhiteElo "2143"]
[BlackElo "2373"]
[PlyCount "106"]
[EventDate "2020.09.11"]
[EventType "swiss"]
[EventRounds "9"]
[EventCountry "MNE"]
[TimeControl "5400+30"]

1. e4 c5 2. Nf3 e6 3. d4 cxd4 4. Nxd4 a6 5. Nc3 b5 6. Bd3 Qb6 7. Nb3 Qc7 8. Be3 Bb7 9. O-O Nf6 10. a3 h5 11. h3 d6 12. f4 Nbd7 13. f5 e5 14. Qf3 Be7 15. Rac1 Rc8 16. Rfe1 Bd8 17. a4 b4 18. Na2 d5 19. Nd2 Nc5 20. Bxc5 Qxc5+ 21. Qf2 Qd6 22. Qe2 dxe4 23. Nxe4 Bxe4 24. Bxe4 Qd4+ 25. Kh2 O-O 26. c3 bxc3 27. Nxc3 Ba5 28. Bb7 Rb8 29. Bxa6 e4 30. Bb5 Qe5+ 31. Kg1 Bb6+ 32. Kh1 Bc7 33. g3 Qxf5 34. Qg2 Qg5 35. Rc2 Bxg3 36. Rxe4 h4 37. Rd4 Qe5 38. Rd1 Rfd8 39. Rf1 Nh5 40. Ne2 f5 41. Qf3 g6 42. Qb3+ Kh7 43. Qf7+ Kh6 44. Rc6 Rd6 45. Rxd6 Qe4+ 46. Kg1 Bxd6 47. Qa7 Rxb5 48. axb5 Qxe2 49. Qf2 Qe5 50. Qd2+ Nf4 51. b6 g5 52. Rf3 Bc5+ 53. Kf1 Qe4 0-1

[Event "72nd MNE-ch 2020"]
[Site "Podgorica"]
[Date "2020.09.12"]
[Round "2"]
[White "Krstonijevic, Stjepan"]
[Black "Kalezic, Bojan"]
[Result "1/2-1/2"]
[ECO "A00"]
[WhiteElo "2098"]
[BlackElo "1855"]
[PlyCount "93"]
[EventDate "2020.09.11"]
[EventType "swiss"]
[EventRounds "9"]
[EventCountry "MNE"]
[TimeControl "5400+30"]

1. d4 Nf6 2. Nf3 g6 3. Bf4 Bg7 4. h3 O-O 5. e3 d6 6. Be2 Nbd7 7. O-O b6 8. Nbd2 Bb7 9. a4 a6 10. Bh2 Re8 11. c3 Ne4 12. Nxe4 Bxe4 13. Ng5 Bb7 14. Qb3 e6 15. f4 h6 16. Nf3 Nf6 17. Nd2 d5 18. g4 Ra7 19. Bf3 c5 20. Rae1 Ne4 21. Bxe4 dxe4 22. Nc4 Bd5 23. Qxb6 Qa8 24. Nd6 Rb8 25. Qxc5 Rxb2 26. Nc8 Rab7 27. Ne7+ Kh7 28. Nxd5 exd5 29. f5 Rxh2 30. fxg6+ fxg6 31. Kxh2 Rb2+ 32. Kg1 Qb8 33. Rf4 g5 34. Qxd5 gxf4 35. Qxe4+ Kh8 36. exf4 Rb6 37. a5 Rf6 38. Rf1 Qc7 39. Qe3 Qxa5 40. Rb1 Qc7 41. Qe5 Qxe5 42. fxe5 Rf3 43. Rb8+ Kh7 44. e6 Re3 45. d5 Bxc3 46. d6 Rxe6 47. d7 1/2-1/2

[Event "72nd MNE-ch 2020"]
[Site "Podgorica"]
[Date "2020.09.12"]
[Round "2"]
[White "Vuckovic, Marko"]
[Black "Petrovic, Slavko"]
[Result "1-0"]
[ECO "A00"]
[WhiteElo "2059"]
[BlackElo "1909"]
[PlyCount "141"]
[EventDate "2020.09.11"]
[EventType "swiss"]
[EventRounds "9"]
[EventCountry "MNE"]
[TimeControl "5400+30"]

1. e4 c5 2. Nf3 Nc6 3. d4 cxd4 4. Nxd4 d6 5. Nc3 e6 6. g3 Nf6 7. Bg2 Bd7 8. Nde2 a6 9. a4 Qc7 10. O-O Be7 11. b3 O-O 12. Bb2 Rfd8 13. h3 Rac8 14. f4 Be8 15. Qe1 Nb4 16. Rc1 d5 17. e5 Nd7 18. Kh1 Bc5 19. Nd1 Qb6 20. g4 d4 21. Qg3 Nf8 22. Nf2 Bc6 23. Rfd1 Bxg2+ 24. Kxg2 Ng6 25. Nd3 Nd5 26. Kh2 Ne3 27. Rd2 Be7 28. Nxd4 Rxd4 29. Qxe3 Rd6 30. Qxb6 Rxb6 31. Kg3 Rbc6 32. Kf3 b5 33. axb5 axb5 34. Nf2 f5 35. exf6 gxf6 36. Ne4 Kf7 37. c3 e5 38. fxe5 Nxe5+ 39. Kf4 Ke6 40. Rcd1 Ra8 41. Ng3 Ng6+ 42. Kf3 Nh4+ 43. Ke4 Rc5 44. Ne2 Re5+ 45. Kf4 Bc5 46. Nd4+ Bxd4 47. Rxd4 Ng6+ 48. Kf3 Ra2 49. R1d2 Re1 50. c4 Ne5+ 51. Kf2 Rb1 52. Rd6+ Ke7 53. Bxe5 Rxd2+ 54. Rxd2 fxe5 55. Rd5 bxc4 56. bxc4 Ke6 57. Rb5 Rc1 58. Rb6+ Kf7 59. Rc6 h5 60. gxh5 Rc3 61. Kg2 Kg7 62. c5 e4 63. h4 Rc2+ 64. Kg3 e3 65. Kf3 e2 66. Kf2 e1=Q+ 67. Kxe1 Rh2 68. h6+ Kh7 69. h5 Rxh5 70. Kd2 Rh3 71. Rd6 1-0

[Event "72nd MNE-ch 2020"]
[Site "Podgorica"]
[Date "2020.09.12"]
[Round "2"]
[White "Djurovic, Peko"]
[Black "Cadjenovic, Dragan"]
[Result "1-0"]
[ECO "A00"]
[WhiteElo "2003"]
[BlackElo "1841"]
[PlyCount "43"]
[EventDate "2020.09.11"]
[EventType "swiss"]
[EventRounds "9"]
[EventCountry "MNE"]
[TimeControl "5400+30"]

1. e4 d5 2. exd5 Qxd5 3. Nc3 Qd8 4. d4 Nf6 5. Nf3 b6 6. Be2 Bb7 7. O-O Nbd7 8. Ne5 e6 9. Bf3 Nd5 10. Nxd5 exd5 11. Re1 Be7 12. Qe2 Nf6 13. Qb5+ Kf8 14. Nc6 Bxc6 15. Qxc6 Rc8 16. Bg5 h6 17. Bxf6 Bxf6 18. Bg4 Rb8 19. Bd7 Be7 20. Re2 b5 21. Rae1 Rb6 22. Rxe7 1-0

[Event "72nd MNE-ch 2020"]
[Site "Podgorica"]
[Date "2020.09.12"]
[Round "2"]
[White "Petrusic, Goran"]
[Black "Lakusic, Zoran"]
[Result "1/2-1/2"]
[ECO "A00"]
[WhiteElo "1935"]
[BlackElo "1711"]
[PlyCount "90"]
[EventDate "2020.09.11"]
[EventType "swiss"]
[EventRounds "9"]
[EventCountry "MNE"]
[TimeControl "5400+30"]

1. e4 c5 2. Nc3 Nc6 3. g3 Nf6 4. Bg2 e5 5. Nge2 Rb8 6. a4 a6 7. d3 b5 8. axb5 axb5 9. O-O Be7 10. h3 b4 11. Nd5 Bb7 12. Be3 Nd4 13. c3 Nxe2+ 14. Qxe2 Nxd5 15. exd5 bxc3 16. bxc3 d6 17. f4 exf4 18. Bxf4 O-O 19. Rfb1 Bf6 20. Qc2 g5 21. Bd2 Be5 22. g4 h6 23. Be4 Qf6 24. Rf1 Qg7 25. Ra7 c4 26. Kg2 cxd3 27. Qxd3 Bc8 28. Bf5 Bxf5 29. Rxf5 Rb3 30. Rc7 Qg6 31. Qc2 Rb5 32. Qc1 f6 33. c4 Rb3 34. Qc2 Rg3+ 35. Kf2 Kh8 36. Qa4 Rxh3 37. Qd7 Rh2+ 38. Ke1 Bg3+ 39. Kd1 Rh1+ 40. Kc2 Kg8 41. Qe6+ Kh8 42. Qe7 Kg8 43. Qe6+ Kh8 44. Qe7 Kg8 45. Qe6+ Kh8 1/2-1/2